Map: 애씨드 플랜트 - 래더

Players

TRUE - Winner!

  • Race: Zerg Zerg
  • Spawn Location: 11:00

Nerchio

  • Race: Zerg Zerg
  • Spawn Location: 5:00

Event: WCS Valencia 2018

VOD

Have the link to the VOD?

Description

Time

  • Played on: July 12, 2018, 1:13 p.m.
  • Length: 6:36

All games in this series

Show
View Real Time Build Order
Export as new Build Order

TRUE Zerg - Winner!

Build Orders: Hatch First, Zergling Baneling 

Get SALT Encoding   

  12  0:00  Drone  
  13  0:12  Overlord  
  13  0:17  Drone  
  14  0:30  Drone x2  
  14  0:34  Drone  
  17  0:51  Hatchery  
  17  0:55  Drone  
  17  0:59  Drone  
  18  1:05  Extractor  
  17  1:13  Spawning Pool  
  17  1:16  Drone  
  17  1:19  Drone  
  18  1:27  Drone  
  19  1:38  Overlord  
  19  1:59  Queen  
  19  2:00  Zergling x2  
  22  2:03  Queen  
  22  2:05  Drone x2  
  22  2:07  Metabolic Boost  
  26  2:10  Drone  
  26  2:15  Drone  
  28  2:21  Drone  
  29  2:24  Drone  
  30  2:37  Hatchery  
  30  2:38  Zergling x2  
  30  2:41  Zergling x2  
  31  2:49  Baneling Nest  
  30  2:53  Queen  
  30  2:56  Drone  
  33  3:02  Overlord  
  33  3:03  Drone  
  33  3:05  Drone  
  35  3:08  Drone  
  36  3:18  Overlord  
  36  3:21  Drone x3  
  36  3:22  Drone  
  36  3:24  Drone  
  42  3:27  Drone  
  42  3:29  Drone  
  42  3:34  Baneling x2  
  43  3:38  Lair  
  43  3:39  Extractor  
  42  3:46  Zergling x6  
  45  3:55  Drone x4  
  49  3:59  Drone x3  
  49  4:01  Drone  
  53  4:04  Extractor  
  52  4:14  Drone x3  
  52  4:15  Zergling x4  
  52  4:16  Overlord, Zergling x2  
  58  4:22  Baneling x2  
  58  4:24  Overlord  
  56  4:32  Zergling x2  
  56  4:36  Zergling x12  
  62  4:43  Spire  
  62  4:44  Zergling x4  
  62  4:45  Zergling x2, Baneling  
  63  4:46  Zergling x2  
  63  4:49  Zergling x4  
  63  4:50  Zergling x2  
  63  4:52  Zergling x2  
  68  4:54  Zergling x2  
  68  4:57  Baneling  
  68  4:58  Baneling x3  
  68  4:59  Zergling x2  
  70  5:00  Zergling x4  
  70  5:02  Zergling x2  
  70  5:05  Zergling x2  
  74  5:11  Zergling x2  
  74  5:13  Zergling x2  
  73  5:17  Zergling x2  
  73  5:19  Zergling x4  
  73  5:28  Drone x2  
  73  5:30  Drone  
  73  5:32  Overlord  
  73  5:34  Extractor, Overlord  
  73  5:36  Drone  
  73  5:38  Extractor  
  72  5:44  Spine Crawler  
  70  5:54  Mutalisk  
  70  5:55  Mutalisk  
  70  5:56  Mutalisk x2  
  74  6:00  Zergling x12  
  74  6:01  Mutalisk  
  77  6:04  Spine Crawler  
  77  6:10  Zergling x8  
  79  6:11  Zergling x4  
  79  6:15  Zergling x2  
Show
View Real Time Build Order
Export as new Build Order

Nerchio Zerg 

Build Orders: Hatch First 

Get SALT Encoding   

  12  0:00  Drone  
  13  0:12  Overlord  
  13  0:17  Drone  
  14  0:30  Drone x2  
  16  0:48  Hatchery  
  15  0:52  Drone  
  15  0:55  Drone  
  17  0:58  Drone  
  18  1:08  Extractor  
  17  1:14  Spawning Pool  
  17  1:17  Drone  
  17  1:20  Drone  
  18  1:27  Drone  
  19  1:38  Overlord  
  19  1:49  Drone  
  20  2:02  Queen x2  
  20  2:03  Zergling x4  
  20  2:08  Metabolic Boost  
  26  2:11  Drone  
  26  2:14  Drone  
  28  2:21  Drone  
  28  2:22  Drone  
  30  2:39  Hatchery, Drone  
  30  2:42  Drone  
  31  2:48  Overlord  
  31  2:53  Queen  
  31  2:57  Drone  
  34  3:00  Drone  
  34  3:02  Drone  
  36  3:09  Zergling x2  
  36  3:11  Zergling x4  
  39  3:13  Drone x2  
  39  3:14  Drone  
  39  3:19  Evolution Chamber  
  41  3:24  Drone  
  41  3:25  Drone x2  
  44  3:33  Overlord x2  
  44  3:39  Lair  
  44  3:45  Extractor, Overlord  
  43  3:51  Drone  
  43  3:52  Drone x3  
  43  3:54  Drone  
  48  3:56  Drone  
  48  4:02  Roach Warren, Drone  
  48  4:12  Extractor, Zergling x10  
  52  4:22  Zergling x10  
  47  4:42  Roach  
  47  4:43  Glial Reconstitution, Roach x3  
  47  4:45  Roach  
  57  4:46  Roach x3  
  57  4:48  Roach  
  57  4:52  Roach  
  66  4:55  Roach  
  66  4:58  Overlord  
  70  5:00  Roach  
  70  5:03  Roach  
  72  5:09  Overlord  
  72  5:10  Roach  
  72  5:16  Roach x2  
  72  5:18  Roach  
  72  5:21  Roach  
  72  5:24  Roach  
  72  5:27  Roach  
  75  5:29  Roach  
  75  5:33  Roach  
  80  5:35  Zergling x2  
  80  5:36  Zergling x2  
  80  5:39  Zergling x2  
  80  5:42  Zergling x4  
  84  5:43  Zergling x2  
  84  5:46  Zergling x2  
  84  5:47  Zergling x2  
  87  5:50  Ravager  
  87  5:51  Zergling x2  
  87  5:53  Zergling x2  
  86  5:57  Zergling x2  
  86  5:58  Zergling x4  
  86  6:00  Ravager  
  86  6:01  Zergling x2  
  74  6:04  Roach  
  74  6:08  Roach  
  65  6:12  Roach  
  65  6:16  Roach  
  62  6:27  Ravager  
Tags
 
Add a new tag
Caveats
  • Supply blocks, unpowered buildings, or Contaminate may cause inaccurate times.
  • Supply counts are checked every 10 seconds.